Unix NetHack Version 5.0.0-0 post-release - last build Jul 19 2026 19:10:59 (3aa4ab31751d3886436d94b585a96704892fd477,branch:main).

Game began 2026-07-21 18:03:40, ended 2026-07-21 18:31:45.

CheBegorr4h, neutral male human Tourist

                                                         --------
                                                         .......-
 ---------                                               |....<{|
 |.......|                                               ----|---
 |........
 |.......|
 |.......|
 |.@.....|
 |.......|
 ---------

CheBegorr4h the Excursionist  St:15 Dx:13 Co:14 In:13 Wi:6 Ch:16  Neutral
Dlvl:9  $:234 HP:0(46) Pw:17(17) AC:8  Xp:6 T:1986 

Latest messages:
 You see here a potion of healing.
 r - a potion of healing named ok (2 in total).
 What do you want to drink? [oprPS or ?*] r
 You feel better.
 You descend the stairs.
 You miss the gnome lord.
 The gnome lord swings his crossbow.
 The gnome lord hits!
 You hit the gnome lord.
 The gnome lord swings his crossbow.
 The gnome lord hits!
 You climb up the stairs.
 That door is closed.
 That door is closed.
 The door resists!
 The door opens.
 You see here 13 gold pieces.
 What do you want to put on? [I or ?*] ?
 Which ring-finger, Right or Left? [rl] l
 I - a wooden ring named cursed (on left hand).
 The door opens.
 You see here a crossbow.
 You are momentarily blinded by a flash of light!
 You hear a deafening roar!
 What do you want to drink? [oprPS or ?*] ?
 You feel better.
 You can see again.
 You can hear again.
 The Green-elf wields a runed dagger!
 The Green-elf wields a runed broadsword!
 What do you want to zap? [T or ?*] T
 In what direction? >
 Boom!
 Your bolt reveals a secret door.
 The door absorbs your bolt!
 The Green-elf is caught in the magical blast!
 The Green-elf is caught in the magical blast!
 You kill the Green-elf!
 Welcome to experience level 6.
 You are caught in the magical blast!
 The Green-elf wields a runed broadsword!
 The Green-elf swings his runed broadsword.
 The Green-elf hits!
 You hear a chugging sound.
 What do you want to zap? [T or ?*] T
 In what direction? >
 You dig a hole through the floor.
 You fall through...
 You die...
 Do you want your possessions identified? [ynq] (y) q

Inventory:
 Coins    ('$')
  $ - 234 gold pieces
 Weapons  (')')
  a - 20 +2 darts (at the ready)
  B - 2 corroded +2 darts
  y - 2 +0 daggers (wielded)
  Y - 2 cursed +0 daggers
  t - 2 +0 orcish daggers
 Armor    ('[')
  O - a blessed +0 orcish helm
  u - an uncursed +0 orcish helm (being worn)
  R - an uncursed +0 orcish helm
  K - an uncursed +0 alchemy smock with text "If we weren't meant to eat animals, why are they made out of meat?" (being worn)
  l - an uncursed +0 Hawaiian shirt with a palm tree motif (being worn)
 Comestibles  ('%')
  N - 2 uncursed slime molds
  n - an uncursed clove of garlic
  b - 5 uncursed food rations
  v - 2 uncursed fortune cookies
  g - 3 uncursed melons
  d - an uncursed tripe ration
  h - an uncursed tin of deep fried goblin meat
  f - 2 uncursed tins of spinach
  c - an uncursed tin of szechuan newt meat
 Scrolls  ('?')
  E - 2 uncursed scrolls of confuse monster named ok
  Q - an uncursed scroll of confuse monster
  L - an uncursed scroll of enchant weapon
  U - an uncursed scroll of identify named ok
  X - an uncursed scroll of light
  k - a blessed scroll of magic mapping
  j - 3 uncursed scrolls of magic mapping
 Spellbooks  ('+')
  G - an uncursed spellbook of confuse monster
  M - an uncursed spellbook of knock
 Potions  ('!')
  S - 2 cursed potions of hallucination
  o - an uncursed potion of invisibility
  p - a blessed potion of sleeping
  P - an uncursed potion of speed
 Rings    ('=')
  I - a cursed ring of aggravate monster named cursed (on left hand)
 Wands    ('/')
  T - a wand of digging (0:0)
 Tools    ('(')
  e - an uncursed credit card
  m - an expensive camera (0:76)
  w - an uncursed mirror
  q - an uncursed skeleton key
  C - an uncursed tin whistle
  W - an uncursed tin whistle
 Gems/Stones  ('*')
  x - an uncursed worthless piece of blue glass
  s - 2 uncursed worthless pieces of red glass
  F - a cursed worthless piece of yellowish brown glass

CheBegorr4h the Tourist's attributes:

Background:
 You were an Excursionist, a level 6 male human Tourist.
 You were neutral, nominally on a mission for The Lady
 who was opposed by Blind Io (lawful) and Offler (chaotic).
 You were right-handed.
 You were in the Dungeons of Doom, on level 9.
 You entered the dungeon 1986 turns ago.
 You had 332 experience points, 308 more were needed to attain level 7.

Basics:
 You had 0 out of 46 hit points.
 You had all 17 energy points (spell power).
 Your armor class was 8.
 Your wallet contained 234 zorkmids.
 Autopickup was off.

Final Characteristics:
 Your strength was 15 (limit:18/100).
 Your dexterity was 13 (limit:18).
 Your constitution was 14 (limit:18).
 Your intelligence was 13 (limit:18).
 Your wisdom was 6 (limit:18).
 Your charisma was 16 (limit:18).

Final Status:
 You weren't hungry.
 You were unencumbered.
 You were wielding daggers.
 You had basic skill with dagger.

Final Attributes:
 You were devoutly aligned.
 You were poison resistant.
 You were acid resistant.
 Your items were protected from acid.
 You were level-drain resistant.
 You aggravated monsters.
 You were warded.
 You were a wererat.
 You were harmed by silver.
 You are dead.

Miscellaneous:
 You encountered 2 bones levels.
 Total elapsed playing time was 28 minutes and 5 seconds.

Major events:
 Turn
    1: CheBegorr4h the neutral male human Tourist entered the dungeon
  515: entered the Gnomish Mines
  614: attained the rank of Sightseer (level 3)
 1985: attained the rank of Excursionist (level 6)
 1986: killed by falling down a mine shaft

You didn't know any spells.

Skills:
 Fighting Skills
   bare handed combat [Unskilled]
   two weapon combat  [Unskilled]
   riding             [Unskilled]
 Weapon Skills
   dagger             [Basic]
   knife              [Unskilled]
   axe                [Unskilled]
   pick-axe           [Unskilled]
   short sword        [Unskilled]
   broadsword         [Unskilled]
   long sword         [Unskilled]
   two-handed sword   [Unskilled]
   saber              [Unskilled]
   mace               [Unskilled]
   morning star       [Unskilled]
   flail              [Unskilled]
   hammer             [Unskilled]
   quarterstaff       [Unskilled]
   polearms           [Unskilled]
   spear              [Unskilled]
   trident            [Unskilled]
   lance              [Unskilled]
   bow                [Unskilled]
   sling              [Unskilled]
   crossbow           [Unskilled]
   dart               [Basic]
   shuriken           [Unskilled]
   boomerang          [Unskilled]
   whip               [Unskilled]
   unicorn horn       [Unskilled]
 Spellcasting Skills
   divination spells  [Unskilled]
   enchantment spells [Unskilled]
   escape spells      [Unskilled]

Voluntary challenges:
 Character rerolling was not enabled.
 You followed a strict vegan diet.
 You were an atheist.
 You never genocided any monsters.
 You never polymorphed an object.
 You never changed form.
 You used no wishes.
Achievements:
 You entered the Gnomish Mines.
 You attained the rank of Sightseer.
 You entered a shop.
 You attained the rank of Excursionist.

 The Dungeons of Doom: levels 1 to 9
    Level 1:
    Level 2:
       A sink.
       Stairs down to The Gnomish Mines.
    Level 3:
       A fountain.
    Level 4:
       A bookstore, a fountain.
    Level 5:
       A fountain.
    Level 6:
    Level 7:
       Final resting place for
          nsemrau-Bar-Orc-Mal-Cha, killed by an iron piercer, while frozen by a floating eye's gaze,
          yrriban-Val-Hum-Fem-Law, killed by an iron piercer.
    Level 8:
    Level 9: <- You were here.
       A fountain.
       Final resting place for
          you, killed by falling down a mine shaft,
          Langmuir-Kni-Hum-Mal-Law, killed by a crossbow bolt.
 The Gnomish Mines: levels 3 to 4
    Level 3:
    Level 4:


Vanquished creatures:
  a gnome ruler
  a Green-elf
  a human zombie
  a rock mole
  a gnome leader
  a kobold leader
  3 hill orcs
  a rothe
  a centipede
 an acid blob
  a hobbit
  3 manes
  2 large kobolds
  a yellow mold
  a green mold
  a red mold
  3 gnomes
  2 garter snakes
  4 jackals
  2 foxes
  a kobold
  3 goblins
  4 sewer rats
  6 grid bugs
  a bat
  2 kobold zombies
  2 newts
51 creatures vanquished.

No species were genocided or became extinct.

Game over:
                       ----------
                      /          \
                     /    REST    \
                    /      IN      \
                   /     PEACE      \
                  /                  \
                  |   CheBegorr4h    |
                  |      234 Au      |
                  |    killed by     |
                  |  falling down a  |
                  |    mine shaft    |
                  |                  |
                  |       2026       |
                 *|     *  *  *      | *
        _________)/\\_//(\/(/\)/\//\/|_)_______

Aloha CheBegorr4h the Tourist...

You died in The Dungeons of Doom on dungeon level 9 with 1793 points,
and 234 pieces of gold, after 1986 moves.
You were level 6 with a maximum of 46 hit points when you died.

